Map: 瑟拉斯遺跡

Players

Nice

  • Race: Protoss Protoss
  • League: Grandmaster

Rose (Python) - Winner!

  • Race: Zerg Zerg
  • League: Grandmaster

Event: 2016 WCS Winter Challenger Taiwan

VOD

Have the link to the VOD?

Description

Time

  • Played on: Jan. 15, 2016, 5:40 a.m.
  • Length: 8:16

All games in this series

Show
View Real Time Build Order
Export as new Build Order

Nice Protoss 

Build Orders: 1 Gate Expand, Oracle Opening 

Get SALT Encoding   

  12  0:02  Probe (Chrono Boost)  
  13  0:12  Probe (Chrono Boost)  
  14  0:18  Pylon  
  14  0:23  Probe (Chrono Boost)  
  15  0:36  Probe (Chrono Boost)  
  15  0:39  Gateway  
  16  0:47  Probe (Chrono Boost)  
  16  0:49  Assimilator  
  17  0:58  Probe (Chrono Boost)  
  18  1:08  Probe (Chrono Boost)  
  19  1:19  Probe (Chrono Boost)  
  20  1:29  Probe (Chrono Boost)  
  20  1:31  Cybernetics Core  
  21  1:44  Nexus  
  21  1:53  Pylon  
  21  1:55  Probe (Chrono Boost)  
  21  2:00  Assimilator  
  22  2:06  Probe (Chrono Boost)  
  23  2:11  Adept, Warp Gate  
  25  2:16  Probe (Chrono Boost)  
  26  2:27  Probe (Chrono Boost)  
  27  2:38  Mothership Core (Chrono Boost)  
  27  2:39  Adept  
  31  2:56  Probe (Chrono Boost)  
  32  2:59  Probe (Chrono Boost)  
  33  3:07  Probe (Chrono Boost)  
  33  3:08  Adept (Chrono Boost)  
  33  3:09  Probe (Chrono Boost)  
  33  3:10  Stargate  
  37  3:17  Probe (Chrono Boost)  
  37  3:19  Probe (Chrono Boost)  
  39  3:27  Probe (Chrono Boost), Pylon  
  39  3:29  Probe (Chrono Boost)  
  41  3:35  Stalker (Chrono Boost)  
  41  3:39  Probe (Chrono Boost)  
  41  3:41  Probe (Chrono Boost)  
  45  3:45  Gateway  
  45  3:47  Gateway  
  45  3:50  Probe (Chrono Boost)  
  45  3:51  Probe (Chrono Boost)  
  47  3:55  Oracle  
  46  4:04  Probe x2 (Chrono Boost)  
  48  4:15  Probe x2 (Chrono Boost)  
  50  4:25  Probe x2 (Chrono Boost), Forge  
  50  4:29  Pylon  
  52  4:36  Probe (Chrono Boost)  
  53  4:41  Probe (Chrono Boost)  
  53  4:43  Assimilator  
  53  4:44  Assimilator  
  54  4:47  Probe (Chrono Boost)  
  54  4:51  Probe (Chrono Boost)  
  56  4:58  Probe (Chrono Boost)  
  56  4:59  Nexus  
  57  5:03  Pylon  
  57  5:05  Probe (Chrono Boost), Pylon  
  58  5:08  Sentry x2  
  58  5:14  Twilight Council, Protoss Ground Weapons Level 1  
  62  5:21  Probe x2 (Chrono Boost)  
  64  5:31  Probe x2 (Chrono Boost), Adept  
  64  5:32  Sentry  
  64  5:33  Adept  
  72  5:42  Probe (Chrono Boost)  
  73  5:46  Robotics Facility  
  73  5:47  Probe (Chrono Boost), Pylon  
  74  5:54  Blink (Chrono Boost)  
  74  5:55  Adept  
  76  5:58  Zealot  
  78  6:05  Probe  
  78  6:08  Stalker  
  78  6:09  Probe  
  78  6:10  Probe  
  82  6:17  Pylon  
  82  6:18  Probe  
  84  6:21  Probe x2  
  84  6:22  Pylon  
  84  6:23  Sentry  
  84  6:24  Zealot  
  90  6:30  Probe, Pylon  
  91  6:33  Probe x2  
  91  6:34  Observer  
  91  6:36  Robotics Bay  
  94  6:42  Probe  
  94  6:49  Stalker  
  94  6:50  Stalker x2  
  95  6:57  Immortal (Chrono Boost)  
  91  7:03  Pylon  
  91  7:05  Pylon  
  77  7:22  Stalker x2  
  75  7:23  Stalker  
  80  7:39  Disruptor (Chrono Boost)  
  80  7:43  Gateway  
  77  7:44  Gateway  
  77  7:50  Gateway  
  77  7:55  Stalker x3  
Show
View Real Time Build Order
Export as new Build Order

Rose Zerg - Winner!

Build Orders: Hatch First 

Get SALT Encoding   

  12  0:00  Drone  
  13  0:11  Drone  
  14  0:17  Overlord  
  14  0:24  Extractor  
  14  0:25  Drone  
  15  0:35  Drone x2  
  17  0:54  Hatchery  
  16  0:57  Drone  
  17  1:11  Spawning Pool  
  17  1:14  Extractor  
  17  1:16  Drone  
  16  1:19  Drone  
  16  1:24  Drone  
  18  1:27  Drone  
  19  1:39  Overlord  
  19  1:57  Queen  
  19  1:58  Zergling x2  
  22  2:01  Drone  
  22  2:05  Queen  
  22  2:06  Drone  
  26  2:10  Drone  
  27  2:16  Metabolic Boost  
  27  2:23  Drone  
  27  2:24  Drone  
  29  2:30  Drone  
  30  2:46  Overlord, Hatchery  
  29  2:56  Zergling x8  
  33  3:03  Overlord, Drone  
  33  3:10  Queen  
  35  3:14  Drone x2  
  35  3:15  Drone  
  35  3:18  Drone  
  39  3:25  Drone x3  
  42  3:28  Drone  
  42  3:29  Drone x2  
  45  3:37  Overlord  
  45  3:40  Drone  
  46  3:47  Extractor  
  46  3:48  Roach Warren  
  44  3:56  Zergling x4  
  46  4:05  Spore Crawler  
  46  4:06  Spore Crawler  
  46  4:08  Drone  
  45  4:12  Drone x4  
  45  4:13  Drone x2  
  45  4:15  Lair  
  51  4:18  Drone, Spore Crawler  
  51  4:21  Extractor  
  50  4:28  Overlord, Drone x2  
  50  4:31  Drone x2  
  54  4:41  Drone x3  
  57  4:49  Drone x2  
  57  4:50  Drone  
  59  5:01  Overlord  
  59  5:02  Drone x2  
  59  5:04  Extractor  
  60  5:10  Drone x3  
  60  5:11  Overlord x2  
  60  5:12  Overlord  
  60  5:13  Glial Reconstitution  
  63  5:16  Overlord x2  
  63  5:20  Roach x4  
  71  5:22  Roach  
  73  5:31  Roach x3  
  79  5:37  Roach x4  
  79  5:41  Roach x2  
  79  5:42  Roach  
  92  5:54  Roach x3  
  92  5:55  Zergling x2, Roach x2  
  103  6:03  Ravager x3  
  105  6:06  Ravager  
  105  6:08  Overlord  
  105  6:09  Overlord x2  
  105  6:10  Extractor  
  105  6:13  Ravager  
  105  6:15  Roach  
  105  6:16  Zergling x2  
  105  6:17  Zergling x8  
  105  6:18  Overlord  
  113  6:19  Overlord  
  113  6:24  Ravager  
  114  6:28  Roach x2  
  114  6:29  Zergling x2, Roach  
  121  6:38  Roach  
  121  6:39  Zergling x4, Roach x3  
  127  6:53  Zergling x6, Roach x4  
  122  7:02  Zergling x2, Roach  
  122  7:05  Roach  
  122  7:14  Ravager x2  
  122  7:15  Zergling x6, Roach x3  
  125  7:16  Zergling x4, Roach  
  125  7:21  Zergling x4, Roach  
  125  7:24  Ravager  
  125  7:25  Ravager  
  125  7:27  Ravager  
  124  7:39  Zergling x2, Roach x2  
  124  7:43  Ravager x2  
  130  7:46  Ravager  
  130  7:47  Zergling x6  
  134  7:53  Roach x2  
Tags
 
Add a new tag
Caveats
  • Supply blocks, unpowered buildings, or Contaminate may cause inaccurate times.
  • Supply counts are checked every 10 seconds.